 Dungeon Crawl Stone Soup version 0.19-a0-1720-gc855d72 (webtiles) character file.

104906 hairmachine the Jinx (level 15, -5/122 HPs)
             Began as a Vampire Enchanter on Sept 28, 2016.
             Was the Champion of Dithmenos.
             Slain by a wolf spider (24 damage)
             ... on level 4 of the Spider Nest on Sept 29, 2016.
             The game lasted 02:27:48 (37471 turns).

hairmachine the Jinx (Vampire Enchanter)           Turns: 37471, Time: 02:27:49

Health: -5/122     AC: -15   Str:  7    XL:     15   Next: 93%
Magic:  20/30      EV: 33    Int: 20    God:    Dithmenos [******]
Gold:   1722       SH:  0    Dex: 24    Spells: 7 memorised, 7 levels left

rFire  . . .     SeeInvis +     (weapon currently unavailable)
rCold  + . .     Gourm    .     (armour currently unavailable)
rNeg   + + .     Faith    .     (shield currently unavailable)
rPois  +         Spirit   .     (helmet currently unavailable)
rElec  .         Dismiss  .     (cloak currently unavailable)
rCorr  .         Reflect  .     (gloves currently unavailable)
MR     +....     Harm     .     (boots currently unavailable)
Stlth  ++++++++++               v - amulet of regeneration
                                (ring currently unavailable)
                                (ring currently unavailable)

@: bat-form, corroded, flying, regenerating slowly, wreathed by umbra, very
quick
A: fangs 3, see invisible, high mp 1, (unbreathing)
a: End Transformation, Shadow Step, Shadow Form, Renounce Religion


You were on level 4 of the Spider Nest.
You worshipped Dithmenos.
Dithmenos was exalted by your worship.
You were near bloodless.
You were in vampire-bat-form.
You visited 5 branches of the dungeon, and saw 25 of its levels.

You collected 2136 gold pieces.
You spent 414 gold pieces at shops.

Inventory:

Hand Weapons
 H - a +3 dagger of venom (melded)
Missiles
 W - 6 throwing nets (quivered)
Armour
 a - a +2 robe of magic resistance
 e - a +2 cloak (melded)
 J - a +1 pair of boots of stealth (melded)
 Q - a +0 troll leather armour (melded)
 U - the +1 pair of gloves of the Equator (melded) {Slay+3}
   (You found it on level 10 of the Dungeon)

   It affects your accuracy and damage with ranged weapons and melee attacks
   (+3).
Jewellery
 h - an uncursed ring of protection from magic
 q - a cursed +6 ring of protection (melded)
 v - an amulet of regeneration (around neck)
 y - a +5 ring of protection
 A - a ring of wizardry (melded)
Wands
 o - a wand of paralysis (12/24)
 D - a wand of iceblast (9/15)
 K - a wand of disintegration (12/24)
Scrolls
 f - 2 scrolls of fear
 g - 3 scrolls of holy word {unknown}
 l - 6 scrolls of identify
 n - 3 scrolls of recharging
 p - 3 scrolls of magic mapping
 u - 8 scrolls of teleportation
 w - a scroll of amnesia {unknown}
 x - a scroll of acquirement {unknown}
 z - a scroll of random uselessness {unknown}
 E - 2 scrolls of fog
 F - 6 scrolls of remove curse
 G - 4 scrolls of enchant weapon
 S - 4 scrolls of enchant armour
Potions
 b - 2 potions of heal wounds
 i - 3 potions of lignification
 j - 6 potions of agility
 k - 2 potions of haste
 m - 6 potions of flight
 r - a potion of beneficial mutation {unknown}
 t - 4 potions of curing
 B - a potion of cure mutation {unknown}
 I - 4 potions of blood
 L - 2 potions of resistance {unknown}
 M - a potion of might
 O - a potion of brilliance
 T - a potion of cancellation {unknown}
 V - 5 potions of mutation {unknown}
 Y - a potion of invisibility {unknown}
Books
 c - a book of Maledictions

   Spells                             Type                      Level
   a - Corona                         Hexes                        1
   b - Ensorcelled Hibernation        Hexes/Ice                    2
   c - Confuse                        Hexes                        3
   d - Tukima's Dance                 Hexes                        3
   e - Dazzling Spray                 Conjuration/Hexes            3
 d - a book of Misfortune

   Spells                             Type                      Level
   a - Confusing Touch                Hexes                        1
   b - Confuse                        Hexes                        3
   c - Gell's Gravitas                Hexes/Translocation          3
   d - Petrify                        Transmutation/Earth          4
   e - Metabolic Englaciation         Hexes/Ice                    5
   f - Yara's Violent Unravelling     Hexes/Transmutation          5
 s - a book of Death

   Spells                             Type                      Level
   a - Corpse Rot                     Necromancy                   2
   b - Sublimation of Blood           Necromancy                   2
   c - Agony                          Necromancy                   5
   d - Dispel Undead                  Necromancy                   5
   e - Excruciating Wounds            Charms/Necromancy            5
   f - Bolt of Draining               Conjuration/Necromancy       5
 C - a Fen Folio

   Spells                             Type                      Level
   a - Corpse Rot                     Necromancy                   2
   b - Stone Arrow                    Conjuration/Earth            3
   c - Leda's Liquefaction            Hexes/Earth                  4
   d - Summon Forest                  Summoning/Translocation      5
   e - Hydra Form                     Transmutation                6
   f - Summon Hydra                   Summoning                    7
 N - a book of the Sky

   Spells                             Type                      Level
   a - Summon Lightning Spire         Summoning/Air                4
   b - Airstrike                      Air                          4
   c - Silence                        Hexes/Air                    5
   d - Deflect Missiles               Charms/Air                   6
   e - Conjure Ball Lightning         Conjuration/Air              6
   f - Tornado                        Air                          9
 P - a book of Summonings

   Spells                             Type                      Level
   a - Recall                         Summoning/Translocation      3
   b - Aura of Abjuration             Summoning                    5
   c - Summon Demon                   Summoning                    5
   d - Summon Forest                  Summoning/Translocation      5
   e - Summon Mana Viper              Hexes/Summoning              5
   f - Shadow Creatures               Summoning                    6
 R - a book of Changes

   Spells                             Type                      Level
   a - Beastly Appendage              Transmutation                1
   b - Sticks to Snakes               Transmutation                2
   c - Spider Form                    Transmutation/Poison         3
   d - Ice Form                       Ice/Transmutation            4
   e - Blade Hands                    Transmutation                5
 X - a book of Power

   Spells                             Type                      Level
   a - Fulminant Prism                Conjuration/Hexes            4
   b - Iskenderun's Mystic Blast      Conjuration                  4
   c - Venom Bolt                     Conjuration/Poison           5
   d - Bolt of Magma                  Conjuration/Fire/Earth       5
   e - Iron Shot                      Conjuration/Earth            6
   f - Orb of Destruction             Conjuration                  7
   g - Spellforged Servitor           Conjuration/Summoning        7
 Z - a book of Annihilations

   Spells                             Type                      Level
   a - Poison Arrow                   Conjuration/Poison           6
   b - Chain Lightning                Conjuration/Air              8
   c - Lehudib's Crystal Spear        Conjuration/Earth            8
   d - Glaciate                       Conjuration/Ice              9
   e - Fire Storm                     Conjuration/Fire             9


   Skills:
 + Level 12.8 Fighting
 - Level 11.4 Short Blades
 - Level 10.6 Dodging
 - Level 12.7 Stealth
 - Level 8.3 Spellcasting
 - Level 3.4 Conjurations
 - Level 13.7 Hexes
 + Level 10.4 Summonings
 + Level 9.7 Invocations


You had 7 spell levels left.
You knew the following spells:

 Your Spells              Type           Power        Failure   Level  Hunger
a - Corona                Hex            ######.      1%          1    None
b - Ensorcelled Hibernat  Hex/Ice        #####.       1%          2    None
c - Tukima's Dance        Hex            ######..     1%          3    None
d - Dazzling Spray        Conj/Hex       #####.       1%          3    None
e - Confuse               Hex            ######..     1%          3    None
f - Summon Mana Viper     Hex/Summ       ######..     1%          5    #####..
g - Shadow Creatures      Summ           N/A          17%         6    ######.


Dungeon Overview and Level Annotations

Branches:
Dungeon (12/15)            Temple (1/1) D:7            Lair (6/6) D:10
 Shoals (0/4) Lair:4       Spider (4/4) Lair:4        Slime (0/5) Lair:6
    Orc (2/2) D:10            Elf (0/3) Orc:2

Altars:
Ashenzari
Cheibriados
Dithmenos
Elyvilon
Fedhas
Gozag
Hepliaklqana
Kikubaaqudgha
Makhleb
Nemelex Xobeh
Okawaru
Qazlal
Ru
Sif Muna
Trog
Uskayaw
Vehumet
Xom
Yredelemnul
Zin
The Shining One
Beogh

Shops:
D:5 =   D:10 }   Orc:2 **=(

Annotations:
D:6 Sigmund
Lair:4 exclusion: electric eel
Lair:6 exclusion: door


Innate Abilities, Weirdness & Mutations

You heal slowly.
You have razor-sharp teeth.
You have supernaturally acute eyesight. (SInv)
((You can survive without breathing.))
You have an increased reservoir of magic. (+10% MP)


Message History

You hit the spark wasp but do no damage.
The spark wasp completely misses you.
You hit the spark wasp but do no damage.
The spark wasp misses you.
You closely miss the spark wasp. The spark wasp completely misses you.
The entropy weaver is caught in a web!
The entropy weaver pulls away from the web.
The spark wasp completely misses you.
You are caught in the web!
There is a web here.
You struggle to detach yourself from the web.
The spark wasp stings you!!
You emit a cloud of dark smoke.
The spark wasp shocks you! The wolf spider hits you. The wolf spider bites you!
You disentangle yourself.
The spark wasp stings you!!
* * * LOW HITPOINT WARNING * * *
The spark wasp shocks you!
* * * LOW HITPOINT WARNING * * *
You emit a cloud of dark smoke.
The wolf spider completely misses you. x2
The spark wasp is caught in a web!
The wolf spider hits you!!
You die...

#..†..............#).....
#...†.....#..........#.
##...........^.......^#
#<†.#.....##...^##.....#
#####......#.#..#.....##
#..#..^.#.^.........#
#..........†.^....###
#...##........^...#
###...##§b§.......^# ###
##.....^^#yssa#.....# ##..
#.......§§§§.....#..# #...
##......§§§§.....#.#####...
#......§.........##.^#..^#
#......##(.##....†^.......
##.....##..###............
##^^.......^#^....^...##.
###.....(............#..


You could see an entropy weaver, a spark wasp (webbed), a wolf spider and a
redback.

Vanquished Creatures
  Arachne (Spider:2)
  2 ghost moths
  2 emperor scorpions
  2 dire elephants (Lair:6)
  A spark wasp (Spider:4)
  The ghost of kae the Carver, a journeyman FoFi of Qazlal (D:10)
  4 hydras
  The ghost of B1inky the Martial Artist, a journeyman OpFi of Gozag (Lair:5)
  Erica (D:10)
  Harold (D:10)
  Urug (D:12)
  6 orc high priests
  Sonja (D:11)
  2 unseen horrors (D:11)
  A wizard (Lair:6)
  3 hill giants (D:10)
  7 orc knights
  11 orb spiders
  3 orc sorcerers (Orc:1)
  18 wolf spiders
  3 hornets
  2 cyclopes (D:11)
  2 moths of wrath
  A siren (Lair:4)
  4 black mambas
  A gargoyle (D:12)
  14 spiny frogs
  5 rime drakes
  2 torpor snails
  3 komodo dragons
  6 demonic crawlers
  27 jumping spiders
  2 polar bears
  2 trolls
  A two-headed ogre (D:11)
  37 blink frogs
  A merfolk (Lair:4)
  6 slime creatures (D:12)
  10 hippogriffs
  2 dream sheep (D:9)
  69 redbacks
  A wraith (D:11)
  25 tarantellas
  5 wyverns
  2 basilisks
  22 yaks
  A steam dragon (Lair:3)
  3 hungry ghosts
  A mottled dragon (D:11)
  14 water moccasins
  7 porcupines
  26 orc warriors
  4 sky beasts
  3 black bears
  2 ice beasts (D:7)
  A phantom (D:7)
  13 ogres
  21 wolves
  7 centaurs
  12 crocodiles
  4 big kobolds
  Blork the orc (D:4)
  16 bullfrogs
  A water moccasin zombie (D:9)
  3 scorpions
  A water moccasin skeleton (D:7)
  17 killer bees
  A wight (D:10)
  7 howler monkeys
  7 electric eels
  8 crimson imps
  A quasit (D:12)
  6 hounds
  24 orc priests
  A centaur skeleton (D:6)
  7 jellies
  12 orc wizards
  4 bullfrog skeletons
  2 gnoll shamans
  8 iguanas
  9 worker ants
  5 hell rats (Lair:5)
  A hound zombie (D:7)
  A howler monkey zombie (D:9)
  80 river rats
  13 adders
  11 gnolls
  3 shadow imps
  2 oozes (Lair:6)
  An adder zombie (D:6)
  3 adder skeletons
  3 worms
  3 leopard geckos
  50 orcs
  5 giant cockroaches
  7 hobgoblins
  18 jackals
  5 quokkas
  A ball python (D:6)
  5 bats
  4 frilled lizards
  13 goblins
  2 jackal zombies
  10 kobolds
  A leopard gecko skeleton (D:5)
  2 quokka zombies (D:6)
  8 rats
  A rat zombie (D:6)
  A butterfly (Lair:6)
838 creatures vanquished.

Vanquished Creatures (collateral kills)
  Snorg (D:10)
  A torpor snail (Spider:3)
  4 demonic crawlers
  A redback (Spider:4)
  2 tarantellas
  An orc warrior (Orc:2)
  2 wights (D:10)
  5 orc priests (Orc:2)
  5 orcs (Orc:2)
22 creatures vanquished.

Vanquished Creatures (others)
  A black mamba (Lair:6)
  A jumping spider (Spider:4)
  A crocodile (Lair:6)
  A river rat (Lair:4)
  2 butterflies (Lair:6)
  18 fungi
  7 plants
31 creatures vanquished.

Grand Total: 891 creatures vanquished

Notes
Turn   | Place    | Note
-------+----------+-------------------------------------------
     0 | D:1      | hairmachine the Vampire Enchanter began the quest for the Orb.
     0 | D:1      | Reached XP level 1. HP: 13/13 MP: 3/3
   376 | D:1      | Reached XP level 2. HP: 19/19 MP: 3/5
   950 | D:1      | Reached skill level 5 in Stealth
  1028 | D:1      | Learned a level 2 spell: Ensorcelled Hibernation
  1057 | D:2      | Reached XP level 3. HP: 24/24 MP: 1/6
  1240 | D:2      | Reached skill level 5 in Hexes
  1388 | D:2      | Found a sacrificial altar of Ru.
  1532 | D:2      | Found a blossoming altar of Fedhas.
  1898 | D:3      | Reached XP level 4. HP: 26/30 MP: 5/7
  2214 | D:3      | Learned a level 3 spell: Tukima's Dance
  3364 | D:3      | Reached skill level 6 in Hexes
  3364 | D:3      | Reached XP level 5. HP: 17/35 MP: 4/8
  4720 | D:4      | Noticed Blork the orc
  4887 | D:4      | Killed Blork the orc
  4887 | D:4      | Reached XP level 6. HP: 41/41 MP: 9/9
  5084 | D:5      | Entered Level 5 of the Dungeon
  5747 | D:5      | Reached skill level 7 in Hexes
  6140 | D:6      | Reached XP level 7. HP: 46/46 MP: 7/10
  6229 | D:6      | Found a sand-covered staircase.
  6318 | D:6      | Noticed Sigmund
  6552 | D:6      | Reached skill level 5 in Short Blades
  7100 | D:5      | Found Wopuv's Jewellery Shoppe.
  7209 | D:5      | Found a hide-covered altar of Uskayaw.
  7585 | D:6      | Reached XP level 8. HP: 52/52 MP: 11/11
  8062 | D:6      | Reached skill level 10 in Stealth
  8637 | D:7      | Reached skill level 5 in Dodging
  8727 | D:7      | Found a staircase to the Ecumenical Temple.
  9288 | D:6      | Learned a level 3 spell: Dazzling Spray
  9649 | D:7      | Reached skill level 1 in Fighting
  9649 | D:7      | Reached skill level 8 in Hexes
  9868 | D:7      | Reached skill level 1 in Conjurations
 10518 | D:7      | Reached XP level 9. HP: 18/61 MP: 5/12
 12034 | Temple   | Entered the Ecumenical Temple
 12106 | Temple   | Became a worshipper of Dithmenos the Shadowed
 12301 | D:7      | Reached skill level 9 in Hexes
 12990 | D:7      | Reached * piety under Dithmenos
 13440 | D:8      | Noticed a troll
 13448 | D:8      | Killed a troll
 13448 | D:8      | Reached skill level 10 in Hexes
 13933 | D:9      | Found a stormy altar of Qazlal.
 13956 | D:9      | Reached XP level 10. HP: 72/72 MP: 13/13
 14314 | D:9      | Reached ** piety under Dithmenos
 14640 | D:9      | Found a bloodstained altar of Trog.
 14749 | D:9      | Noticed a three-headed hydra
 14763 | D:9      | Reached skill level 11 in Hexes
 14891 | D:9      | Reached skill level 5 in Fighting
 15042 | D:9      | Killed a three-headed hydra
 15334 | D:9      | Found a basalt altar of Yredelemnul.
 15334 | D:9      | Found a deep blue altar of Sif Muna.
 15492 | D:9      | Found an ancient bone altar of Kikubaaqudgha.
 15605 | D:10     | Entered Level 10 of the Dungeon
 15697 | D:10     | Found Ycsigen's Gadget Boutique.
 15699 | D:10     | Noticed Snorg
 15726 | D:10     | Found a staircase to the Lair.
 16131 | D:10     | Noticed kae's ghost (journeyman FoFi)
 16267 | D:11     | Reached *** piety under Dithmenos
 16285 | D:11     | Noticed an unseen horror
 16291 | D:11     | Killed an unseen horror
 16291 | D:11     | Reached XP level 11. HP: 81/81 MP: 14/14
 16307 | D:11     | Reached skill level 12 in Hexes
 16360 | D:10     | Reached skill level 10 in Short Blades
 16367 | D:10     | Got a pair of encrusted gloves
 16373 | D:10     | Identified the +1 pair of gloves of the Equator {Slay+3} (You found it on level 10 of the Dungeon)
 16426 | D:10     | Found a staircase to the Orcish Mines.
 16470 | Lair:1   | Entered Level 1 of the Lair of Beasts
 16477 | D:10     | Learned a level 3 spell: Confuse
 18256 | Lair:2   | Reached skill level 13 in Hexes
 18484 | Lair:2   | Reached **** piety under Dithmenos
 18846 | Lair:3   | Reached XP level 12. HP: 91/91 MP: 15/15
 18940 | Lair:3   | Found a sparkling altar of Nemelex Xobeh.
 20941 | Lair:4   | Noticed a four-headed hydra
 20955 | Lair:4   | Killed a four-headed hydra
 21113 | Lair:4   | Noticed a six-headed hydra
 21119 | Lair:4   | Killed a six-headed hydra
 21129 | Lair:4   | Noticed a four-headed hydra
 21133 | Lair:4   | Killed a four-headed hydra
 21133 | Lair:4   | Reached skill level 10 in Dodging
 21163 | Lair:4   | Learned a level 5 spell: Summon Mana Viper
 21207 | Lair:4   | Reached ***** piety under Dithmenos
 21344 | Lair:4   | Found a deep blue altar of Sif Muna.
 21730 | Lair:4   | Found a hole to the Spider Nest.
 21757 | Lair:4   | Reached skill level 1 in Summonings
 22399 | Lair:4   | Found a staircase to the Shoals.
 22855 | Lair:5   | Noticed B1inky's ghost (journeyman OpFi)
 22901 | Lair:5   | Killed B1inky's ghost
 23289 | Lair:4   | Reached XP level 13. HP: 66/101 MP: 14/20
 23944 | Lair:5   | Reached skill level 5 in Spellcasting
 24373 | Lair:6   | Entered Level 6 of the Lair of Beasts
 24611 | Lair:6   | Noticed a dire elephant
 24620 | Lair:6   | Killed a dire elephant
 24620 | Lair:6   | Reached skill level 1 in Invocations
 24766 | Lair:6   | Found a burning altar of Makhleb.
 25229 | Lair:6   | Found a staircase to the Slime Pits.
 25880 | Lair:6   | Noticed a dire elephant
 25883 | Lair:6   | Killed a dire elephant
 25997 | Spider:1 | Entered Level 1 of the Spider Nest
 26012 | Spider:1 | Reached skill level 5 in Summonings
 26103 | Spider:1 | Reached skill level 10 in Fighting
 26129 | Spider:1 | Noticed a ghost moth
 26211 | Spider:1 | Killed a ghost moth
 27016 | D:10     | Reached XP level 14. HP: 110/110 MP: 24/24
 27271 | D:10     | Killed kae's ghost
 27410 | Orc:1    | Entered Level 1 of the Orcish Mines
 27447 | Orc:1    | Reached ****** piety under Dithmenos
 27498 | Orc:1    | Reached skill level 5 in Invocations
 27899 | Orc:1    | Found a roughly hewn altar of Beogh.
 28209 | Orc:2    | Entered Level 2 of the Orcish Mines
 28209 | Orc:2    | Found a staircase to the Elven Halls.
 28311 | Orc:2    | Found a roughly hewn altar of Beogh.
 29380 | Orc:2    | Gained mutation: You have an increased reservoir of magic. (+10% MP) [a neqoxec]
 30409 | Orc:2    | Found Xumnetun's General Store.
 30409 | Orc:2    | Found Qelaumat's Weapon Shoppe.
 30410 | Orc:2    | Found Itevaquk's Assorted Antiques.
 30410 | Orc:2    | Found Maloqeas's Jewellery Shoppe.
 30417 | Orc:2    | Bought a scroll of fear for 45 gold pieces
 30417 | Orc:2    | Bought a potion of curing for 39 gold pieces
 30418 | Orc:2    | Bought a potion of curing for 90 gold pieces
 30418 | Orc:2    | Bought a scroll of identify for 60 gold pieces
 30418 | Orc:2    | Bought a potion of curing for 90 gold pieces
 30418 | Orc:2    | Bought a scroll of teleportation for 90 gold pieces
 30540 | D:10     | Upgraded the game from 0.19-a0-1714-gcab94ab to 0.19-a0-1720-gc855d72
 30635 | D:10     | Killed Snorg
 30765 | D:10     | Noticed Erica
 30770 | D:10     | Killed Erica
 30916 | D:10     | Noticed Harold
 30923 | D:10     | Killed Harold
 31400 | D:11     | Noticed Sonja
 31402 | D:11     | Killed Sonja
 32794 | Spider:1 | Noticed an emperor scorpion
 32800 | Spider:1 | Killed an emperor scorpion
 32800 | Spider:1 | Reached XP level 15. HP: 119/119 MP: 30/30
 33450 | Spider:2 | Noticed a ghost moth
 34157 | Spider:2 | Killed a ghost moth
 34189 | Spider:2 | Noticed Arachne
 34203 | Spider:2 | Killed Arachne
 35366 | D:12     | Noticed Urug
 35372 | D:12     | Killed Urug
 36558 | Spider:3 | Reached skill level 10 in Summonings
 36902 | Spider:4 | Entered Level 4 of the Spider Nest
 37022 | Spider:4 | Learned a level 6 spell: Shadow Creatures
 37471 | Spider:4 | Slain by a wolf spider

Vault maps used:
D:1:      co_arrival_random_square_maze
D:2:      overflow_temple_1_default, nicolae_ru_awakened_eye
D:4:      uniq_blork_the_orc
D:5:      lemuel_coloured_pillars_altar, basic_altar, first_bread, serial_shops,
          shop, grunt_decor_resistance
D:6:      enter_ossuary_4, uniq_sigmund
D:9:      minitemple, bloody_trog, hangedman_ranch,
          nicolae_qazlal_general_emergency
D:10:     due_lair_maze_entry_diamond, orc_0_dummy, serial_shops, shop,
          enter_bailey_3, minmay_lindwurm_lava, uniq_erica, uniq_snorg,
          uniq_harold
D:11:     uniq_sonja
D:12:     kennysheep_demon_hangout, uniq_urug
Temple:   regret_index_temple_waves
Lair:1:   st_stairs_5
Lair:2:   ldierk_geyser, guppyfry_lair_drakes
Lair:3:   basic_altar, serial_bayou_shore_a, infiniplex_staircase_pool
Lair:4:   pond_and_an_island_with_a_cottage, elwin_shoals_entry_rooms,
          spider_nest_entry_webs, basic_altar
Lair:5:   grunt_megastairs_1
Lair:6:   evil_forest, nicolae_slime_entry_slimehenge, lemuel_fruit_fields,
          serial_bayou_shore_b, lemuel_fruit_tree
Spider:1: spider_trap
Spider:2: nicolae_spider_mines_3, spider_trap, uniq_arachne
Spider:3: portal_ice_cave_entry_pillars_three
Spider:4: spider_rune_water, spider_trap
Orc:1:    mines2_david
Orc:2:    st_orc_pillars, basic_altar

Skill      XL: |  1  2  3  4  5  6  7  8  9 10 11 12 13 14 15 |
---------------+----------------------------------------------+-----
Short Blades   | 2 3 4 5 7 8 9 11 | 11.4
Stealth        | 5 6 7 8 9 10 12 | 12.7
Hexes          | 5 6 7 8 10 11 13 | 13.7
Dodging        | 4 5 7 8 10 | 10.6
Fighting       | 1 4 6 7 9 10 11 12 | 12.8
Conjurations   | 1 3 |  3.4
Spellcasting   | 4 7 8 |  8.3
Summonings     | 2 5 8 10 | 10.4
Invocations    | 4 7 9 |  9.7

Action                   |  1- 3 |  4- 6 |  7- 9 | 10-12 | 13-15 || total
-------------------------+-------+-------+-------+-------+-------++-------
Melee: Dagger            |   110 |   283 |   452 |   722 |  1267 ||  2834
       Bite              |     3 |    27 |    44 |    65 |   136 ||   275
       Unarmed           |       |       |     1 |       |     3 ||     4
 Cast: Corona            |    15 |     9 |     7 |     4 |    37 ||    72
       Ensorcelled Hiber |     4 |    22 |    91 |   170 |   329 ||   616
       Tukima's Dance    |       |     3 |       |     2 |     2 ||     7
       Dazzling Spray    |       |       |       |     7 |    14 ||    21
       Confuse           |       |       |       |     3 |    11 ||    14
       Summon Mana Viper |       |       |       |       |    16 ||    16
Invok: Shadow Step       |       |       |       |     2 |     4 ||     6
 Abil: Bat Form          |       |     2 |     3 |     3 |     3 ||    11
       End Transformatio |       |     2 |     3 |     3 |     2 ||    10
Evoke: Wand              |       |       |       |     4 |       ||     4
  Use: Scroll            |     1 |     1 |    11 |     6 |     8 ||    27
       Potion            |       |     9 |    20 |    16 |    28 ||    73
 Stab: Sleeping          |    15 |    20 |    65 |   138 |   259 ||   497
       Distracted        |       |     1 |     2 |     3 |     7 ||    13
       Confused          |       |       |       |     1 |     5 ||     6
  Eat: Corpse            |       |       |       |       |     1 ||     1
Armor: Robe              |    42 |    74 |    68 |       |       ||   184
       Troll leather arm |       |       |     1 |   149 |   297 ||   447
       Skin              |       |       |       |     1 |       ||     1
Dodge: Dodged            |    72 |   156 |   255 |   535 |  1199 ||  2217
